 Dungeon Crawl Stone Soup version 0.30-a0-368-g86fb4627a9 (webtiles) character file.

Game seed: 10549113215607966567

9827 slayr the Arsonist (level 11, -6/77 HPs)
             Began as an Octopode Fire Elementalist on Nov 18, 2022.
             Was a Priest of Vehumet.
             Mangled by a boulder beetle (19 damage)
             ... on level 11 of the Dungeon.
             The game lasted 00:36:39 (12935 turns).

slayr the Arsonist (Octopode Fire Elementalist)    Turns: 12935, Time: 00:36:39

Health: -6/77      AC:  1    Str: 13    XL:     11   Next: 52%
Magic:  1/22       EV: 16    Int: 23    God:    Vehumet [***...]
Gold:   126        SH:  0    Dex: 18    Spells: 6/24 levels left

rFire   + . .      SeeInvis .    s - +0 mace (protect)
rCold   x . .      Faith    .    (no shield)
rNeg    . . .      Spirit   .    C - +0 hat
rPois   .          Reflect  .    i - amulet of the acrobat
rElec   .          Harm     .    t - ring of wizardry
rCorr   .          Rampage  .    r - +6 ring of dexterity
Will    .....                    y - ring of fire
Stlth   +++.......               I - +6 ring of strength
HPRegen 0.32/turn                (no ring)
MPRegen 0.18/turn                (no ring)
                                 (no ring)
                                 (no ring)

@: very slightly contaminated
A: almost no armour, amphibious, 8 rings, camouflage 1, gelatinous body 1,
(nimble swimmer 1), tentacles
a: Renounce Religion


You were on level 11 of the Dungeon.
You worshipped Vehumet.
Vehumet was most pleased with you.
You visited 1 branch of the dungeon, and saw 11 of its levels.

You collected 606 gold pieces.
You spent 480 gold pieces at shops.

Inventory:

Hand Weapons
 a - a +4 short sword
 b - a +0 dagger of flaming
 s - a +0 mace of protection (weapon)
 u - a +0 rapier
Missiles
 c - 5 throwing nets
Armour
 C - a +0 hat (worn)
Jewellery
 i - an amulet of the acrobat (around mantle)
 r - a +6 ring of dexterity (right tentacle)
 t - a ring of wizardry (left tentacle)
 y - a ring of fire (on tentacle)
 z - an amulet of regeneration
 I - a +6 ring of strength (on tentacle)
Wands
 w - a wand of digging (12)
 A - a wand of charming (6)
Scrolls
 e - 3 scrolls of magic mapping
 g - 2 scrolls of blinking
 j - a scroll of teleportation
 l - 5 scrolls of immolation
 m - 4 scrolls of brand weapon
 q - a scroll of amnesia
 v - a scroll of vulnerability
 B - 3 scrolls of identify
 D - 2 scrolls of butterflies
Potions
 d - 2 potions of flight
 f - 2 potions of lignification
 h - 5 potions of attraction
 k - 5 potions of curing
 n - 7 potions of heal wounds
 o - 2 potions of resistance
 p - 3 potions of magic
 x - a potion of mutation
 E - a potion of haste
 F - a potion of brilliance
 G - a potion of cancellation


   Skills:
 + Level 7.9 Fighting
 + Level 6.0 Dodging
 - Level 2.6 Stealth
 + Level 7.4 Spellcasting
 + Level 7.7 Conjurations
 - Level 2.5 Translocations
 * Level 9.9 Fire Magic
 - Level 2.5 Air Magic


You had 6 spell levels left.
You knew the following spells:

 Your Spells              Type           Power      Damage    Failure   Level
a - Foxfire               Conj/Fire      100%       2x1d9     1%          1
b - Scorch                Fire           100%       2d10      1%          2
c - Kindle Blastsparks    Fire/Tloc/Air  94%        2d17      1%          3
d - Blink                 Tloc           40%        N/A       1%          2
e - Flame Wave            Conj/Fire      65%        2d15      1%          4
f - Hailstorm             Conj/Ice       26%        3d7       1%          3
g - Swiftness             Air            20%        N/A       3%          3

Your spell library contained the following spells:

 Spells                   Type           Power      Damage    Failure   Level
 Stone Arrow              Conj/Erth      52%        3d10      1%          3
 Apportation              Tloc           40%        N/A       1%          1
 Shock                    Conj/Air       100%       1d9       1%          1
 Momentum Strike          Conj/Tloc      64%        3d9       1%          2
 Poisonous Vapours        Pois/Air       28%        N/A       1%          2
 Inner Flame              Hex/Fire       47%        N/A       1%          3
 Necrotise                Necr           32%        1d5       3%          1
 Sting                    Tmut/Pois      32%        1d4       3%          1
 Summon Small Mammal      Summ           32%        N/A       3%          1
 Lesser Beckoning         Tloc           40%        N/A       3%          3
 Airstrike                Air            10%        2d(2-18)  3%          4
 Ozocubu's Armour         Ice            8%         N/A       9%          3
 Olgreb's Toxic Radiance  Pois           8%         N/A       9%          4
 Summon Ice Beast         Ice/Summ       8%         N/A       28%         4
 Ignition                 Fire           34%        3d11      56%         8
 Ozocubu's Refrigeration  Ice            4%         4d8       98%         7
 Polar Vortex             Ice            4%         N/A       100%        9


Dungeon Overview and Level Annotations

Branches:
Dungeon (11/15)            Temple (0/1) D:7            Lair (0/5) D:10
    Orc (0/2) D:10

Altars:
Ashenzari
Hepliaklqana
Kikubaaqudgha
Makhleb
Nemelex Xobeh
Qazlal
Ru
Sif Muna
Uskayaw
Vehumet
Wu Jian
Xom
Zin

Shops:
D:9 [   D:11 !


Innate Abilities, Weirdness & Mutations

You cannot wear most types of armour.
You are amphibious.
You can wear up to eight rings at the same time.
Your skin changes colour to match your surroundings (Stealth+).
Your rubbery body absorbs attacks. (AC +1, EV +1)
((You are camouflaged when in or above water. (Stealth+)))
You have tentacles for arms and can constrict up to eight enemies at once.


Message History

The boulder beetle is heavily wounded.
The boulder beetle hits you!!
* * * LOW HITPOINT WARNING * * *
The boulder beetle stops rolling and uncurls.
The boulder beetle misses you.
Casting: Scorch (safe; 1% risk of failure)
Confirm with . or Enter, or press ? or * to list all spells.
You feel a surge of power!
Flames lash the boulder beetle but do no damage.
The boulder beetle bites you!
* * * LOW HITPOINT WARNING * * *
Unknown command.
Okay, then.
You feel much better. The boulder beetle bites you!
* * * LOW HITPOINT WARNING * * *
Unknown command.
Casting: Scorch (safe; 1% risk of failure)
Confirm with . or Enter, or press ? or * to list all spells.
You don't have enough magic to cast this spell.
The boulder beetle curls into a ball and begins rolling!
The boulder beetle is no longer covered in acid.
The boulder beetle misses you.
The boulder beetle stops rolling and uncurls.
The boulder beetle curls into a ball and begins rolling!
The boulder beetle closely misses you.
The boulder beetle stops rolling and uncurls.
The boulder beetle attacks as you move away!
The boulder beetle misses you.
The boulder beetle curls into a ball and begins rolling!
The boulder beetle completely misses you.
The boulder beetle stops rolling and uncurls.
Casting: Scorch (safe; 1% risk of failure)
Confirm with . or Enter, or press ? or * to list all spells.
You miscast Blink.
You are very lightly contaminated with residual magic.
Nothing appears to happen.
The boulder beetle bites you.
* * * LOW HITPOINT WARNING * * *
The boulder beetle attacks as you move away!
The boulder beetle bites you!!
You die...

#################################
.........)..)...)................
...)°....##..###..#..........# ##
..○°>..○.##..###..#..........####
.................B...............
..#############.@.............###
# #...#.........#.#
#.......#.....#.#
###+#####.....### #.#.#.# #.....#
#.....# #.#.#.# #.....#


You could see a boulder beetle.

Vanquished Creatures
  Harold (D:10)
  3 two-headed ogres
  Maggie (D:8)
  An unseen horror (D:11)
  2 hornets
  4 trolls
  A shadow (D:11)
  A water elemental (D:11)
  3 wraiths
  7 yaks
  A wyvern (D:10)
  3 steam dragons
  2 water moccasins
  3 ice beasts
  An orc warrior (D:10)
  A black bear (D:6)
  An ogre (D:5)
  2 centaurs
  3 bullfrogs (D:8)
  A gnoll sergeant (D:8)
  A necrophage (D:6)
  9 wights
  11 killer bees (D:9)
  An electric eel (D:9)
  2 howler monkeys
  2 jellies (D:6)
  4 hounds
  6 orc priests
  A gnoll bouda (D:7)
  6 iguanas
  5 orc wizards
  17 gnolls
  12 adders
  2 ufetubi
  A worm (D:2)
  3 dart slugs
  21 orcs
  6 ball pythons
  3 endoplasms
  4 giant cockroaches
  2 goblins
  6 hobgoblins
  5 jackals
  5 quokkas
  10 bats
  4 frilled lizards
  7 kobolds
  4 rats
202 creatures vanquished.

Vanquished Creatures (others)
  407 foxfires
407 creatures vanquished.

Grand Total: 609 creatures vanquished

Notes
Turn   | Place    | Note
-------+----------+-------------------------------------------
     0 | D:1      | slayr the Octopode Fire Elementalist began the quest for
                  | the Orb.
     0 | D:1      | Reached XP level 1. HP: 11/11 MP: 3/3
   238 | D:1      | Reached XP level 2. HP: 18/18 MP: 1/5
   288 | D:1      | Learned a level 2 spell: Scorch
   717 | D:1      | Reached skill level 1 in Fighting
   870 | D:2      | Reached XP level 3. HP: 23/23 MP: 2/6
  1161 | D:2      | Learned a level 3 spell: Kindle Blastsparks
  1322 | D:2      | Reached XP level 4. HP: 27/28 MP: 4/7
  1934 | D:3      | Reached skill level 4 in Fire Magic
  2022 | D:3      | Reached XP level 5. HP: 30/34 MP: 4/8
  2059 | D:3      | Learned a level 2 spell: Blink
  2103 | D:3      | Reached skill level 1 in Translocations
  2589 | D:3      | Reached skill level 1 in Air Magic
  3364 | D:5      | Entered Level 5 of the Dungeon
  3661 | D:4      | Found a sacrificial altar of Ru.
  3662 | D:4      | Found a shimmering altar of Xom.
  3662 | D:4      | Found a radiant altar of Vehumet.
  3663 | D:4      | Found a hide-covered altar of Uskayaw.
  3664 | D:4      | Found a broken altar of Ashenzari.
  3664 | D:4      | Found a sparkling altar of Nemelex Xobeh.
  3665 | D:4      | Found an ornate altar of the Wu Jian Council.
  3672 | D:4      | Found a glowing silver altar of Zin.
  3672 | D:4      | Found a shimmering blue altar of Sif Muna.
  3673 | D:4      | Found a stormy altar of Qazlal.
  3680 | D:4      | Became a worshipper of Vehumet
  3852 | D:4      | Reached XP level 6. HP: 29/41 MP: 1/10
  4849 | D:5      | Noticed an ice beast
  4860 | D:4      | Reached XP level 7. HP: 31/45 MP: 0/11
  5114 | D:4      | Learned a level 4 spell: Flame Wave
  5151 | D:5      | Reached * piety under Vehumet
  5151 | D:5      | Offered knowledge of Kiss of Death by Vehumet.
  5152 | D:5      | Reached skill level 5 in Fire Magic
  6200 | D:6      | Reached XP level 8. HP: 54/54 MP: 9/13
  6483 | D:6      | Found an ancient bone altar of Kikubaaqudgha.
  7478 | D:7      | Found a staircase to the Ecumenical Temple.
  7500 | D:7      | Reached skill level 6 in Fire Magic
  7542 | D:7      | Noticed a hornet
  7551 | D:7      | Killed a hornet
  7552 | D:7      | Reached skill level 5 in Fighting
  7552 | D:7      | Reached XP level 9. HP: 40/61 MP: 2/16
  7850 | D:7      | Reached skill level 5 in Spellcasting
  7854 | D:7      | Reached skill level 5 in Conjurations
  7961 | D:7      | Got the Directory of the Chill
  8566 | D:8      | Found a burning altar of Makhleb.
  8729 | D:8      | Learned a level 3 spell: Hailstorm
  8895 | D:8      | Reached ** piety under Vehumet
  8901 | D:8      | Offered knowledge of Sandblast by Vehumet.
  9023 | D:8      | Noticed a hornet
  9029 | D:8      | Killed a hornet
  9150 | D:8      | Reached skill level 7 in Fire Magic
  9340 | D:8      | Reached XP level 10. HP: 22/68 MP: 3/18
  9702 | D:8      | Found a hazy altar of Hepliaklqana.
  9823 | D:8      | Noticed Maggie
  9863 | D:8      | Killed Maggie
 10189 | D:8      | Learned a level 3 spell: Swiftness
 10343 | D:9      | Reached skill level 8 in Fire Magic
 10545 | D:9      | Found Ystrici's Armour Shop.
 10550 | D:9      | Offered knowledge of Stone Arrow by Vehumet.
 10915 | D:9      | Noticed a two-headed ogre
 10923 | D:9      | Killed a two-headed ogre
 11040 | D:9      | Reached skill level 5 in Dodging
 11235 | D:10     | Entered Level 10 of the Dungeon
 11333 | D:9      | Reached skill level 9 in Fire Magic
 11333 | D:9      | Reached XP level 11. HP: 60/75 MP: 8/21
 11416 | D:10     | Reached *** piety under Vehumet
 11608 | D:10     | Noticed a two-headed ogre
 11614 | D:10     | Killed a two-headed ogre
 11715 | D:10     | Found a staircase to the Orcish Mines.
 11749 | D:10     | Noticed a two-headed ogre
 11755 | D:10     | Killed a two-headed ogre
 11792 | D:10     | Noticed Harold
 11797 | D:10     | Killed Harold
 11888 | D:10     | Found a staircase to the Lair.
 12426 | D:11     | Found Vydghehef's Distillery.
 12434 | D:11     | Bought a potion of heal wounds for 75 gold pieces
 12434 | D:11     | Bought a potion of haste for 150 gold pieces
 12434 | D:11     | Bought a potion of heal wounds for 75 gold pieces
 12434 | D:11     | Bought a potion of brilliance for 60 gold pieces
 12434 | D:11     | Bought a potion of cancellation for 120 gold pieces
 12894 | D:11     | Noticed a boulder beetle
 12915 | D:11     | HP: 2/77 [boulder beetle (24)]
 12935 | D:11     | Mangled by a boulder beetle

Illustrated notes

Levels and vault maps discovered:
D:1:      saegor_arrival_simple_a, layout_rooms, chequers_decorated_corner,
          wander_ebering_terrifying_dragon_lair
D:2:      minmay_chambers_of_ones, layout_basic
D:3:      layout_basic, st_stairs_4
D:4:      layout_basic, nicolae_overflows_in_rows
D:5:      layout_basic
D:6:      wander_river, layout_loops_ring, lemuel_doored_altar
D:7:      layout_layer_cave, minmay_temple_entry_ruins, minmay_tree_intersection
D:8:      layout_cave_pods, general_overflow_altar, bloody_makhleb, uniq_maggie
D:9:      layout_loops_cross, serial_shops, nicolae_shop_hallway_plus,
          minmay_misc_feat_tiny, reono_crystal_passage,
          kennysheep_generic_room_4
D:10:     layout_gridville, lair_entry_dummy, david_orc_3, uniq_harold
D:11:     layout_stronghold, serial_shops, shop, kennysheep_donut,
          columned_hall_lemuel, uniq_josephine

Skill      XL: |  1  2  3  4  5  6  7  8  9 10 11 |
---------------+----------------------------------+-----
Fighting       | 1 2 3 5 6 7 |  7.9
Fire Magic     | 4 5 6 7 9 |  9.9
Translocations | 1 2 |  2.5
Air Magic      | 1 2 |  2.5
Conjurations   | 2 3 4 6 7 |  7.7
Spellcasting   | 3 4 5 6 7 |  7.4
Dodging        | 3 5 6 |  6.0
Stealth        | |  2.6

Action                   |  1- 3 |  4- 6 |  7- 9 | 10-12 || total
-------------------------+-------+-------+-------+-------++-------
Melee: Dagger            |     8 |    12 |       |       ||    20
       Tentacles         |     3 |     8 |     6 |     1 ||    18
       Constrict         |     3 |    10 |     6 |     1 ||    20
       Short sword       |       |    18 |       |       ||    18
       Mace              |       |       |    21 |     4 ||    25
       Punch             |       |       |     1 |       ||     1
 Cast: Foxfire           |    52 |    60 |    67 |    68 ||   247
       Kindle Blastspark |     2 |     7 |    22 |     9 ||    40
       Scorch            |       |    35 |    42 |    45 ||   122
       Blink             |       |       |     1 |       ||     1
       Flame Wave        |       |       |     4 |    19 ||    23
       Hailstorm         |       |       |     1 |     2 ||     3
Evoke: Wand              |       |       |       |     1 ||     1
  Use: Scroll            |       |    10 |     5 |     4 ||    19
       Potion            |       |       |     1 |     4 ||     5
 Stab: Sleeping          |       |     2 |       |       ||     2
Armor: Skin              |     1 |     1 |     7 |     2 ||    11
Dodge: Dodged            |     8 |    36 |    40 |    61 ||   145

Table legend: (Time is in decaauts)
 A = Elapsed time spent in this place.
 B = Non-inter-level travel time spent in this place.
 C = Inter-level travel time spent in this place.
 D = Time resting spent in this place.
 E = Time spent auto-exploring this place.
 F = Levels seen in this place.
 G = Mean time per level.
                   A        B        C        D        E       F      G
               +--------+--------+--------+--------+--------+-----+--------+
         Total |  12952 |  12673 |    279 |   3195 |   7807 |  11 | 1177.5 |
       Dungeon |  12952 |  12673 |    279 |   3195 |   7807 |  11 | 1177.5 |
               +--------+--------+--------+--------+--------+-----+--------+

Top non-repeatable levels by time:
     D:4: 1766 daAuts
     D:8: 1609 daAuts
     D:7: 1310 daAuts
     D:5: 1284 daAuts
     D:3: 1175 daAuts
     D:9: 1146 daAuts
     D:6: 1067 daAuts
     D:2: 1052 daAuts
    D:10: 1015 daAuts
     D:1: 920 daAuts
    D:11: 604 daAuts
